 Dungeon Sprint DCSS version 0.18-a0-1562-gac8da35 (webtiles) character file.

67 pipel the Grave Robber (level 3, -3/29 HPs)
             Began as a Minotaur Necromancer on Mar 13, 2016.
             Was a Priest of Makhleb.
             Killed by miscasting Regeneration (9 damage)
             ... in the Dungeon (Sprint VII: "The Pits").
             The game lasted 00:02:07 (163 turns).

pipel the Grave Robber (Minotaur Necromancer)        Turns: 163, Time: 00:02:08

Health: -3/29      AC:  2    Str: 13    XL:     3   Next: 98%
Magic:  1/4        EV: 12    Int: 12    God:    Makhleb [***...]
Gold:   0          SH:  0    Dex: 10    Spells: 3 memorised, 0 levels left

rFire  . . .     SeeInvis .     u - +2 hand axe (chop)
rCold  . . .     Gourm    .     a - +0 robe
rNeg   . . .     Faith    .     (no shield)
rPois  .         Spirit   .     (helmet restricted)
rElec  .         Dismiss  .     (no cloak)
rCorr  .         Reflect  .     (no gloves)
SustAt .         Harm     .     (no boots)
MR     .....     NoTele   +     (no amulet)
Stlth  +.........               (no ring)
                                (no ring)

@: very slightly contaminated, not resistant to hostile enchantments, very
unstealthy
A: retaliatory headbutt, horns 2
a: Minor Destruction, Lesser Servant of Makhleb, Renounce Religion


You were in the Dungeon.
You worshipped Makhleb.
Makhleb was most pleased with you.
You were not hungry.

You visited 1 branch

Inventory:

Hand Weapons
 j - a +2 hand axe
 u - a +2 hand axe of chopping (weapon)
Missiles
 n - 14 stones (quivered)
Armour
 a - a +0 robe (worn)
 v - a +2 plate armour
 w - a +3 scale mail
Magical Staves
 o - an uncursed staff of energy
Scrolls
 i - a scroll of blinking
 p - 3 scrolls of remove curse
 q - 5 scrolls of amnesia
 r - a scroll of summoning
 s - 2 scrolls of vulnerability
Potions
 d - 6 potions of curing
 e - 6 potions of heal wounds
 f - a potion of haste
 g - 4 potions of magic
 h - 3 potions of berserk rage
 m - 2 potions of invisibility
Books
 b - a book of Necromancy

   Spells                             Type                      Level
   a - Pain                           Necromancy                   1
   b - Animate Skeleton               Necromancy                   1
   c - Vampiric Draining              Necromancy                   3
   d - Regeneration                   Charms/Necromancy            3
   e - Animate Dead                   Necromancy                   4
   f - Control Undead                 Necromancy                   4
Comestibles
 c - 8 bread rations
 k - 40 fruits
 l - 7 meat rations
 t - 4 chunks of flesh


   Skills:
 + Level 1.7 Fighting
 + Level 1.4 Axes
 - Level 2.1 Dodging
 - Level 1.5 Stealth
 - Level 1.6 Spellcasting
 + Level 6.0 Necromancy
 * Level 2.2 Invocations


You couldn't memorise any spells.
You knew the following spells:

 Your Spells              Type           Power        Failure   Level  Hunger
a - Pain                  Necr           ###.         2%          1    ##.....
b - Animate Skeleton      Necr           N/A          2%          1    ##.....
r - Regeneration          Chrm/Necr      #.........   30%         3    ####...


Dungeon Overview and Level Annotations

Branches:
Dungeon (1/1)

Altars:
Ashenzari
Cheibriados
Dithmenos
Elyvilon
Fedhas
Kikubaaqudgha
Makhleb
Nemelex Xobeh
Okawaru
Pakellas
Ru
Sif Muna
Trog
Vehumet
Xom
Yredelemnul
Zin
The Shining One
Beogh
Jiyva
Lugonu


Innate Abilities, Weirdness & Mutations

You reflexively headbutt those who attack you in melee.
You have a pair of horns on your head.


Message History

You have reached level 3!
Your experience leads to an increase in your attributes!
Increase (S)trength, (I)ntelligence, or (D)exterity?
You feel stronger.
MP restored: 4 Memorise Regeneration, consuming 3 spell levels and leaving 0?
You start memorising the spell.
You continue memorising. x3
You finish memorising.
Spell assigned to 'c'.
Unknown command.
Adjust (i)tems, (s)pells, or (a)bilities?
Adjust which spell? c - Regeneration Adjust to which letter? r - Regeneration
Casting: Animate Skeleton
Confirm with . or Enter, or press ? or * to list all spells.
You miscast Regeneration.
You are very lightly contaminated with residual magic.
Pain shoots through your body!
You die...

############
#__________#
#__________#
#_#####'##########
#).)'.'..##.....
#)))#.#..##.....
#######'#####.....
#...........'.....
#@#####'#####.....
#3# #..#..##.....
#5#..)..'..#####'#
#5##+####†###.....
#5#........##.....
#.#........##.....
#.#####Z#####...<.
#.#...).)..##.....
#.#...)))..##.....


You could see a friendly ynoxinul and 3 friendly ufetubi.

Vanquished Creatures
  A giant eyeball (D)
  2 oozes (D)
  A giant gecko (D)
  2 goblins (D)
  A kobold (D)
  2 giant newts (D)
  A jackal skeleton (D)
10 creatures vanquished.

Vanquished Creatures (collateral kills)
  An ice beast (D)
1 creature vanquished.

Grand Total: 11 creatures vanquished

Notes
Turn   | Place    | Note
--------------------------------------------------------------
     0 | D        | pipel the Minotaur Necromancer began the quest for the Orb.
     0 | D        | Reached XP level 1. HP: 14/14 MP: 1/1
    12 | D        | Reached skill level 3 in Necromancy
    28 | D        | Found a sacrificial altar of Ru.
    28 | D        | Found a basalt altar of Yredelemnul.
    28 | D        | Found a glowing golden altar of the Shining One.
    28 | D        | Found a deep blue altar of Sif Muna.
    28 | D        | Found a burning altar of Makhleb.
    28 | D        | Found an ancient bone altar of Kikubaaqudgha.
    28 | D        | Found a glowing silver altar of Zin.
    29 | D        | Found a shadowy altar of Dithmenos.
    29 | D        | Found a bloodstained altar of Trog.
    29 | D        | Found a shattered altar of Ashenzari.
    29 | D        | Found a white marble altar of Elyvilon.
    29 | D        | Found a snail-covered altar of Cheibriados.
    29 | D        | Found a blossoming altar of Fedhas.
    29 | D        | Found a radiant altar of Vehumet.
    29 | D        | Found a shimmering altar of Xom.
    29 | D        | Found a sparkling altar of Nemelex Xobeh.
    29 | D        | Found a corrupted altar of Lugonu.
    29 | D        | Found a viscous altar of Jiyva.
    29 | D        | Found a roughly hewn altar of Beogh.
    29 | D        | Found an iron altar of Okawaru.
    30 | D        | Found an oddly glowing altar of Pakellas.
    32 | D        | Became a worshipper of Makhleb the Destroyer
    64 | D        | Reached * piety under Makhleb
    66 | D        | Reached skill level 4 in Necromancy
    75 | D        | Reached XP level 2. HP: 13/22 MP: 3/3
    79 | D        | Reached ** piety under Makhleb
    87 | D        | Learned a level 1 spell: Animate Skeleton
   122 | D        | Reached *** piety under Makhleb
   122 | D        | Reached skill level 1 in Fighting
   123 | D        | Reached skill level 5 in Necromancy
   140 | D        | Noticed an ice beast
   158 | D        | Killed an ice beast
   158 | D        | Reached skill level 1 in Axes
   158 | D        | Reached skill level 6 in Necromancy
   158 | D        | Reached XP level 3. HP: 6/29 MP: 4/4
   163 | D        | Learned a level 3 spell: Regeneration
   163 | D        | Killed by miscasting Regeneration

Vault maps used:
D:        pitsprint

Skill      XL: |  1  2 |
---------------+-------+-----
Necromancy     | 4 6 |  6.0
Fighting       | 1 |  1.7
Axes           | 1 |  1.4
Invocations    | 2 |  2.2
Dodging        | |  2.1
Stealth        | |  1.5
Spellcasting   | |  1.6

Action                   || total
-------------------------++-------
Melee: Hand axe          ||    18
       Unarmed           ||     3
 Cast: Animate Skeleton  ||     2
Invok: Lesser Servant of ||     1
 Stab: Sleeping          ||     1
